Map: Croisement de Kairos EC

Players

Miszu

  • Race: Terran Terran
  • League: Master
  • Spawn Location: 11:00

zuka - Winner!

  • Race: Protoss Protoss
  • League: Master
  • Spawn Location: 5:00

VOD

Have the link to the VOD?

Description

Time

  • Played on: Dec. 9, 2018, 3:25 p.m.
  • Length: 3:53
Show
View Real Time Build Order
Export as new Build Order

Miszu Terran 

Build Orders: Reaper Expand 

Get SALT Encoding   

  12  0:01  SCV  
  13  0:13  SCV  
  14  0:16  Supply Depot  
  14  0:25  SCV  
  15  0:38  SCV  
  15  0:39  Barracks  
  16  0:46  Refinery  
  16  0:50  SCV  
  17  1:02  SCV  
  17  1:14  SCV  
  18  1:26  SCV  
  19  1:33  Reaper  
  19  1:38  Orbital Command  
  20  1:49  Command Center  
  20  2:02  Supply Depot  
  20  2:04  SCV, Marine  
  22  2:15  Factory  
  22  2:17  SCV  
  23  2:25  Reaper  
  24  2:41  SCV  
  24  2:43  Refinery  
  24  2:53  SCV  
  24  2:57  Supply Depot  
  24  2:58  Reaper  
  26  3:03  Hellion  
  28  3:05  SCV  
  29  3:17  SCV  
  29  3:29  Marine  
  28  3:37  SCV  
Show
View Real Time Build Order
Export as new Build Order

zuka Protoss - Winner!

Build Orders:  

Get SALT Encoding   

  12  0:01  Probe  
  13  0:13  Probe  
  14  0:17  Pylon  
  14  0:21  Probe  
  15  0:32  Probe  
  15  0:39  Gateway  
  16  0:42  Probe  
  16  0:48  Assimilator  
  17  0:54  Probe  
  18  1:07  Probe  
  18  1:10  Pylon  
  19  1:19  Probe, Zealot  
  20  1:27  Cybernetics Core  
  20  1:31  Probe  
  23  1:43  Probe  
  24  1:54  Stalker  
  24  1:59  Probe  
  27  2:12  Nexus  
  27  2:23  Stalker  
  29  2:34  Probe  
  30  2:47  Probe  
  31  3:04  Pylon  
  31  3:06  Assimilator  
  31  3:10  Robotics Facility  
  31  3:17  Gateway  
  31  3:22  Probe, Stalker  
  32  3:38  Probe  
Tags
 
Add a new tag
Caveats
  • Supply blocks, unpowered buildings, or Contaminate may cause inaccurate times.
  • Supply counts are checked every 10 seconds.